[Event "*** Titled Tuesday Blitz"]
[Site "Chess.com"]
[Date "2020.05.12"]
[Round "4"]
[White "CyberneticLion"]
[Black "gui_borba"]
[Result "1-0"]
[WhiteElo "2544"]
[BlackElo "2330"]
[TimeControl "180+1"]
[EndTime "10:39:23 PDT"]
[Termination "CyberneticLion won by resignation"]

1. e4 c6 2. d4 d5 3. exd5 cxd5 4.
c4 Nf6 5. Nc3 e6 6. Nf3 Be7 7.
c5 b6 8. b4 O-O 9. Be2 a5 10.
Na4 axb4 11. Nxb6 Ra7 12. O-O Ne4 13. Qb3 Nc3 14. Bd3 Nc6 15. a3 Ba6 16. Bxa6 Rxa6 17. Bd2 Ne2+ 18. Kh1 Nexd4 19. Nxd4 Nxd4 20. Qxb4 Nc2 21.
Qb5 Nxa1 22. Qxa6 Nb3 23. Bb4 Bxc5 24. Na4 Bxb4 25. axb4 Qa8 26. Qxa8 Rxa8 27. Nc3 Rb8 28. b5 Kf8 29. Rb1 Nc5 30. Kg1 Ke7 31. Kf1 Kd6 32. Ke2 e5 33. f3 d4 34. Na2 f5 35. Kd2 e4 36. Nc1 Kd5 37. Na2 Re8 38. Nb4+ Kc4 39.
Na6 e3+ 40. Kd1 d3 41. Rc1+ Kxb5 42. Nc7+ Kb4 43. Nxe8 Nb3 44. Rb1 Kc3 45. Nxg7 e2+ 46. Ke1 Kc2 47. Rxb3 Kxb3 48. Kd2 e1=Q+ 49. Kxe1 Kc2 50.
Kf2 d2 51. Nxf5 1-0

[Event "*** Titled Tuesday Blitz"]
[Site "Chess.com"]
[Date "2020.05.12"]
[Round "4"]
[White "Gabrielian_Artur"]
[Black "viditchess"]
[Result "0-1"]
[WhiteElo "2711"]
[BlackElo "2952"]
[TimeControl "180+1"]
[EndTime "10:39:24 PDT"]
[Termination "viditchess won by resignation"]

1. e4 c5 2. Nc3 Nc6 3. Bb5 Nd4 4. Bc4 e6 5. Nf3 Nf6 6. O-O Qc7 7. d3 a6 8. Nxd4 cxd4 9. Ne2 Nxe4 10. Nxd4 Nf6 11. Nf3 b5 12. Bb3 Bb7 13. Re1 Be7 14. h3 O-O 15. Bg5 h6 16. Bh4 a5 17. a4 b4 18. Rc1 Rab8 19. Ne5 d6 20. Ng4 Nd5 21. Bxe7 Nxe7 22. c3 bxc3 23. Rxc3 Qb6 24. d4 Nf5 25. d5 e5 26. Bc2 Nd4 27. Nxh6+ Kh8 28. Nxf7+ Rxf7 29.
Qh5+ Kg8 30. Qh7+ Kf8 31. Qh8+ Ke7 32. Qxb8 Nc6 33. Qxb7+ Qxb7 34. dxc6 Qxb2 35. Ree3 Kd8 36. Red3 Kc7 37. Kh2 Rxf2 38. Rg3 g5 39. Be4 Qe2 40. Rce3 Qd2 41. Rc3 d5 42. Rxg5 Qxg5 43. Bxd5 Qf4+ 44. Rg3 e4 0-1

[Event "*** Titled Tuesday Blitz"]
[Site "Chess.com"]
[Date "2020.05.12"]
[Round "4"]
[White "calin_dragomirescu"]
[Black "bmt011"]
[Result "0-1"]
[WhiteElo "2302"]
[BlackElo "2071"]
[TimeControl "180+1"]
[EndTime "10:39:24 PDT"]
[Termination "bmt011 won by resignation"]

1. Nf3 Nf6 2. c4 e6 3. g3 b6 4. Bg2 Bb7 5. O-O Be7 6. Nc3 d5 7. cxd5 Nxd5 8. d4 O-O 9. Re1 Nd7 10. e4 Nxc3 11. bxc3 c5 12. Bf4 Rc8 13. h4 Nf6 14. Ne5 cxd4 15. cxd4 Bb4 16. Re2 Bc3 17. Rc1 Qxd4 18.
Qxd4 Bxd4 19. Rxc8 Rxc8 20. Nd3 Ba6 21. Rd2 Bc3 22.
Rd1 Bc4 23. Nc1 Bb2 24. Nb3 a5 25. Be3 a4 26. Nc1 b5 27. Bf1 Bxf1 28. Kxf1 Bxc1 29. Bxc1 Nxe4 30. Be3 Nf6 31. Rb1 Ne4 32. Rxb5 Nc3 33.
Ra5 f6 34. Ra7 Nxa2 35. Rxa4 Nc3 36. Ra7 Nd5 37. Ke2 Rc7 38. Rxc7 Nxc7 39. f3 Kf7 40.
Kd3 e5 41. Bd2 Ke6 42. Ke2 Nd5 43. g4 Kd7 44. h5 g6 45. hxg6 hxg6 46. Kd3 Kc6 47.
Ke4 Kc5 48. g5 Kd6 49. gxf6 Nxf6+ 50. Ke3 Kd5 51. Bc3 Nh5 52. Kf2 Nf4 53. Bd2 Ke6 54.
Kg3 Kf5 55. Kf2 g5 56. Kg3 Nd3 57. Kg2 Nb2 58. Kg3 Nc4 59. Bc1 Na5 60. Bd2 Nb3 61. Bc3 Nc5 62. Bd2 Nd3 63. Be3 Nf4 64. Bd2 Nh5+ 65. Kf2 Nf6 66. Kg3 e4 67. Kf2 g4 68.
fxe4+ Nxe4+ 69. Ke2 Nxd2 70. Kxd2 Kf4 71. Ke2 Kg3 72. Kf1 Kh2 0-1

[Event "*** Titled Tuesday Blitz"]
[Site "Chess.com"]
[Date "2020.05.12"]
[Round "4"]
[White "Firehand33"]
[Black "RobertPrieb2007"]
[Result "1-0"]
[WhiteElo "2736"]
[BlackElo "2336"]
[TimeControl "180+1"]
[EndTime "10:39:26 PDT"]
[Termination "Firehand33 won by checkmate"]

1. Nf3 Nf6 2. g3 g6 3. Bg2 Bg7 4. b3 O-O 5. Bb2 a6 6. c4 Nc6 7. O-O d5 8. cxd5 Nxd5 9. Bxg7 Kxg7 10. d4 Bf5 11. Re1 Bg4 12. h3 Bxf3 13. Bxf3 Qd6 14.
e3 e5 15. dxe5 Qxe5 16. Nd2 Nc3 17. Qc1 Nb4 18. Nc4 Qf6 19. Bxb7 Nd3 20. Qc2 Nxe1 21. Rxe1 Rad8 22. Bxa6 Ra8 23. Rc1 Rxa6 24. Qxc3 Qxc3 25. Rxc3 Rxa2 26. Ne5 Ra1+ 27. Kg2 Rc8 28. Rd3 Kf6 29. f4 Ke6 30. Rc3 f6 31. Nd3 c6 32. Kf3 Rf1+ 33. Ke2 Ra1 34. b4 Kd5 35. Rc5+ Kd6 36. e4 Ra2+ 37. Ke3 Ra3 38. Kd4 Rd8 39. Kc4 Ke7 40. Nf2 Rd2 41. Ng4 Rc2+ 42. Kd4 Rxc5 43. Kxc5 Rxg3 44.
e5 f5 45. Nf6 Rxh3 46. Kxc6 Rc3+ 47. Kb6 Rb3 48. b5 h5 49. Kc6 h4 50. Nd5+ Kd8 51. b6 Rxb6+ 52. Kxb6 h3 53. e6 h2 54. Kc6 Ke8 55. Kd6 h1=Q 56. Nf6+ Kf8 57. e7+ Kf7 58. e8=Q+ Kxf6 59. Qf8# 1-0

[Event "*** Titled Tuesday Blitz"]
[Site "Chess.com"]
[Date "2020.05.12"]
[Round "4"]
[White "chessablanca"]
[Black "1977Ivan"]
[Result "1-0"]
[WhiteElo "2480"]
[BlackElo "2636"]
[TimeControl "180+1"]
[EndTime "10:39:26 PDT"]
[Termination "chessablanca won on time"]

1. Nf3 d6 2. g3 e5 3. Bg2 f5 4. d3 Nf6 5. O-O Be7 6. Nc3 O-O 7.
e4 Nc6 8. exf5 Bxf5 9. d4 e4 10. Nh4 Bg4 11. f3 exf3 12. Bxf3 Bxf3 13. Nxf3 d5 14. Ne5 Bd6 15. Bf4 Qe8 16. Re1 Rd8 17. Nb5 Bxe5 18. dxe5 Ne4 19. Nxc7 Qg6 20. Nxd5 Kh8 21.
Qf3 Ng5 22. Qg2 Nd4 23. Rf1 Nge6 24. Rac1 Qh5 25. Rf2 g5 26. Be3 Rxf2 27. Bxf2 Nf3+ 28. Kh1 g4 29. Ne3 Rd2 30. Rd1 Rxd1+ 31. Nxd1 Qxe5 32. Ne3 Qe4 33. Nf1 Ned4 34. Bxd4+ Qxd4 35. h3 h5 36. hxg4 hxg4 37. Nh2 Qd1+ 38. Qf1 Qd5 39. Nxf3 gxf3 40. Qf2 Kg7 41. Kh2 Qh5+ 42. Kg1 Qg4 43. Kh2 Qh5+ 44.
Kg1 Qg4 45. Kh2 Kg6 46. Kg1 Qh5 47. Qh2 Qxh2+ 48. Kxh2 Kg5 49. Kg1 1-0

[Event "*** Titled Tuesday Blitz"]
[Site "Chess.com"]
[Date "2020.05.12"]
[Round "4"]
[White "MarcoRiehle"]
[Black "Kotofeyca"]
[Result "1-0"]
[WhiteElo "2616"]
[BlackElo "2429"]
[TimeControl "180+1"]
[EndTime "10:39:26 PDT"]
[Termination "MarcoRiehle won by resignation"]

1. e4 c5 2. a3 d5 3. exd5 Qxd5 4. Nc3 Qd8 5. Nf3 Nf6 6. d4 cxd4 7. Qxd4 Qxd4 8. Nxd4 a6 9. Bf4 Nbd7 10. O-O-O e6 11. Nb3 Nb6 12. Be2 Nbd5 13. Nxd5 Nxd5 14. Bg3 b5 15. Bf3 Bb7 16. Na5 O-O-O 17. Nxb7 Kxb7 18. Rhe1 Bc5 19. b4 Bf8 20. Bh4 Rd7 21. Bxd5+ exd5 22. Re8 g6 23. Rde1 Bh6+ 24. Kb1 Rxe8 25. Rxe8 Bf4 26. Bg3 Bxg3 27. hxg3 h5 28. Kc1 Kc6 29.
Kd2 Rd6 30. Re7 Rf6 31. f3 Kd6 32. Ra7 Ke5 33. Kd3 g5 34. Re7+ Kf5 35. c3 g4 36. f4 h4 37. Re5+ Kg6 38. Rg5+ Kh6 39.
Rxg4 hxg3 40. Kd4 Kh5 41. Rxg3 Rxf4+ 42. Kxd5 Rf2 43. Kd4 Ra2 44. c4 bxc4 45. Kxc4 Kh4 46.
Rf3 f5 47. Rxf5 Rxa3 48. Ra5 Rg3 49. Rxa6 Rxg2 50. Rf6 Kg5 51. Rf1 Rc2+ 52. Kb5 Rb2 53. Kc5 Rc2+ 54. Kb6 Rf2 55. Rxf2 1-0

[Event "*** Titled Tuesday Blitz"]
[Site "Chess.com"]
[Date "2020.05.12"]
[Round "4"]
[White "Alomaterapia"]
[Black "Oneofmyturns"]
[Result "1/2-1/2"]
[WhiteElo "2485"]
[BlackElo "2655"]
[TimeControl "180+1"]
[EndTime "10:39:27 PDT"]
[Termination "Game drawn - insufficient material"]

1. d4 Nf6 2. Bg5 d5 3. e3 c5 4. Bxf6 gxf6 5. Nf3 cxd4 6. exd4 Nc6 7. c4 e6 8. Nc3 dxc4 9. Bxc4 Bg7 10. O-O O-O 11. d5 Na5 12. Bd3 f5 13. dxe6 Bxe6 14. Re1 Rc8 15.
Qc2 Qf6 16. Rac1 Nc4 17. Bxc4 Rxc4 18. Ne5 Rcc8 19. Rcd1 Rfd8 20. f4 Qh4 21. Qf2 Qxf2+ 22. Kxf2 Bf8 23. Rxd8 Rxd8 24. Ke2 Bb4 25. a3 Bc5 26.
Rd1 Re8 27. b4 Bb6 28. Kf3 Rc8 29. Nd5 Bd8 30. Rd3 Kg7 31. h3 Rc1 32. g4 fxg4+ 33. hxg4 Rf1+ 34. Kg2 Ra1 35. Kg3 Bxd5 36. Rxd5 Rxa3+ 37. Kg2 Bc7 38. Nxf7 Bxf4 39. Rd7 Kg6 40. Rxb7 a6 41.
Nd8 h6 42. Ne6 Bd2 43. Rb6 Be3 44. Nc5+ Kg5 45. Rxa6 Rxa6 46. Nxa6 Kxg4 47. Nc5 h5 48. Nd3 h4 49. Nf2+ Bxf2 50. Kxf2 Kf5 51. b5 Ke6 52. b6 Kd6 53. b7 Kc7 54. Kf3 Kxb7 55. Kg4 h3 56. Kxh3 1/2-1/2

[Event "*** Titled Tuesday Blitz"]
[Site "Chess.com"]
[Date "2020.05.12"]
[Round "4"]
[White "Malysch"]
[Black "LivajaM"]
[Result "0-1"]
[WhiteElo "2419"]
[BlackElo "2283"]
[TimeControl "180+1"]
[EndTime "10:39:27 PDT"]
[Termination "LivajaM won on time"]

1. e4 c5 2. Nf3 Nc6 3. d4 cxd4 4. Nxd4 Qc7 5. Nc3 e6 6. Be3 a6 7. Qf3 Nf6 8. O-O-O h5 9. Qg3 Qa5 10. f4 h4 11. Qf3 Bb4 12. Nb3 Qc7 13. e5 Bxc3 14.
bxc3 Nd5 15. Bc5 Na5 16. Bd6 Nxb3+ 17. axb3 Qxc3 18. Qxc3 Nxc3 19. Rd4 b5 20. Kb2 Nd5 21. Be2 Bb7 22. Bf3 Bc6 23. Rhd1 Rc8 24. c4 Ne3 25. Bxc6 Nxd1+ 26. Rxd1 dxc6 27. Ra1 Ra8 28. Kc3 Kd7 29. b4 f5 30. c5 Rhg8 31. Rd1 g5 32. Bf8+ Ke8 33. Bh6 gxf4 34. Rd6 Kf7 35. Rxc6 Rxg2 36. Rc7+ Kg8 37. Bxf4 Rf2 38. Be3 Rf3 39. Kd2 f4 40.
Bd4 Rh3 41. Rd7 Rxh2+ 42. Kd3 h3 43. c6 Rc8 44. c7 Rxc7 45. Rd8+ Kf7 46. Rh8 Kg6 47.
Rg8+ Kf5 48. Rf8+ Kg4 49. Rg8+ Kf3 50. Rf8 Rg2 51. Rh8 h2 0-1

[Event "*** Titled Tuesday Blitz"]
[Site "Chess.com"]
[Date "2020.05.12"]
[Round "4"]
[White "checkmatequen"]
[Black "ErikRonka"]
[Result "1-0"]
[WhiteElo "2253"]
[BlackElo "2415"]
[TimeControl "180+1"]
[EndTime "10:39:27 PDT"]
[Termination "checkmatequen won by resignation"]

1. e4 c6 2. d4 d5 3. Nc3 dxe4 4. Nxe4 Bf5 5. Ng3 Bg6 6. Bc4 e6 7. N1e2 Bd6 8. Nf4 Nf6 9. Bb3 Qc7 10. Qf3 Nbd7 11.
O-O O-O 12. Re1 Rfe8 13. c3 c5 14. Bd2 Rad8 15. d5 Ne5 16. Qd1 exd5 17. Nxd5 Nxd5 18. Bxd5 Nd3 19. Rxe8+ Rxe8 20. Be3 Nxb2 21. Qb3 Nd3 22. Qxb7 Qxb7 23. Bxb7 Rb8 24. Ba6 Rb6 25. Bxd3 Bxd3 26. Rd1 Bc2 27. Rd2 Bg6 28. Bf4 Bf8 29. Rd8 Rb1+ 30.
Nf1 Rb6 31. Be3 Rc6 32. Nd2 f6 33. Nb3 Kf7 34. Rd7+ Ke6 35. Rxa7 Bc2 36. f3 c4 37. Nd4+ Kd5 38. Nxc2 Rd6 39. Nb4+ Ke6 40. Ra6 Rxa6 41.
Nxa6 Kd5 42. Bd4 Kc6 43. Nb4+ Kb5 44. Nc2 Ka4 45. Kf2 Kb5 46. Ke3 Kc6 47. Ke4 Kb5 48.
g4 Bd6 49. Kd5 Bxh2 50. Na3+ Ka4 51. Nxc4 Bf4 52. Ne3 g6 53. c4 h5 54. gxh5 gxh5 55. Ng2 Bg3 56. Bxf6 Ka3 57. c5 Kxa2 58. c6 Kb3 59.
Be5 1-0

[Event "*** Titled Tuesday Blitz"]
[Site "Chess.com"]
[Date "2020.05.12"]
[Round "4"]
[White "Alexander_Zubov"]
[Black "AminMolaei"]
[Result "1-0"]
[WhiteElo "2839"]
[BlackElo "2526"]
[TimeControl "180+1"]
[EndTime "10:39:28 PDT"]
[Termination "Alexander_Zubov won by resignation"]

1. d4 e6 2. Nf3 f5 3. g3 Nf6 4. Bg2 Be7 5. O-O O-O 6. c4 d5 7. Qc2 c6 8. b3 Ne4 9. Ba3 Nd7 10. Bxe7 Qxe7 11. Nbd2 Ndf6 12. Ne5 Bd7 13. Ndf3 Be8 14. Nd3 Rc8 15. c5 Nd7 16. b4 Bh5 17. Nfe5 Nef6 18. Rfe1 Nxe5 19. dxe5 Nd7 20. Qc3 g5 21. Qd4 Bg6 22. f4 h6 23. a4 b6 24. Rec1 Kh7 25.
Rc2 gxf4 26. gxf4 Bh5 27. Qf2 Rg8 28. Kh1 bxc5 29. bxc5 Rb8 30. a5 Nf8 31. Rg1 Ng6 32. Bf1 Nh4 33. Rg3 Bg4 34. Rc1 Ng6 35. a6 Qd8 36. Qe1 Rb5 37. Rb1 Qb8 38. Rb4 Bh5 39. e3 Ne7 40. Kg1 Rxg3+ 41. hxg3 Bg4 42. Kf2 Rxb4 43.
Qxb4 Qxb4 44. Nxb4 Kg7 45. Nc2 Kf7 46. Nd4 Bd1 47. Ke1 Bh5 48. Kd2 Bg6 49. Kc3 Bh5 50. Bd3 Bg6 51. Bc2 Bh5 52. Ba4 1-0

[Event "*** Titled Tuesday Blitz"]
[Site "Chess.com"]
[Date "2020.05.12"]
[Round "4"]
[White "EvgenyRomanov"]
[Black "PelinGorki"]
[Result "1-0"]
[WhiteElo "2657"]
[BlackElo "2468"]
[TimeControl "180+1"]
[EndTime "10:39:28 PDT"]
[Termination "EvgenyRomanov won by resignation"]

1. b3 e5 2. Bb2 Nc6 3. c4 Nge7 4. d3 d5 5. cxd5 Nxd5 6. Nf3 f6 7. g3 Be6 8. Bg2 Qd7 9. O-O O-O-O 10.
Nbd2 Bh3 11. Bxh3 Qxh3 12. Rc1 Nde7 13. Rc4 h5 14. Qc1 g5 15. b4 Qd7 16. Ne4 Nd5 17. a3 h4 18. Rxc6 Qxc6 19. Qxc6 bxc6 20. Rc1 Kb7 21. Nfd2 hxg3 22. hxg3 Nb6 23. Nb3 Be7 24. Na5+ Ka6 25. Nxc6 Rd7 26. a4 Nxa4 27. Ra1 Kb5 28.
Nxa7+ Kxb4 29. Ba3+ Kb3 30. Bxe7 Rxe7 31. Nc6 Reh7 32.
Na5+ Kb4 33. Nc6+ Kb5 34. Na7+ Kb4 35. Nc6+ Kb3 36. Na5+ Kb2 37. Rxa4 Rh1+ 38. Kg2 g4 39. Nc4+ Kb3 40. Nc5+ Kc3 41. Ne4+ Kb3 42. Nc5+ Kc3 43. Ne4+ Kc2 44. Ne3+ Kb3 45. Nc5+ Kc3 46. Rc4+ Kd2 47.
Nxg4 Kxe2 48. Rc2+ Kd1 49. Ne3+ Ke1 50. Rc1+ 1-0

[Event "*** Titled Tuesday Blitz"]
[Site "Chess.com"]
[Date "2020.05.12"]
[Round "4"]
[White "Y0ung_Capablanca"]
[Black "LyonBeast"]
[Result "0-1"]
[WhiteElo "2705"]
[BlackElo "2911"]
[TimeControl "180+1"]
[EndTime "10:39:29 PDT"]
[Termination "LyonBeast won by resignation"]

1. e4 c5 2. Nf3 d6 3. Bb5+ Nc6 4.
O-O Bd7 5. c3 Nf6 6. Re1 a6 7. Bf1 Bg4 8. d4 cxd4 9. cxd4 e5 10. d5 Nd4 11. Be3 Nxf3+ 12. gxf3 Bd7 13. Nc3 Rg8 14. Rc1 g5 15. Na4 Nh5 16. Nb6 Rb8 17.
Qc2 g4 18. Qc7 gxf3+ 19. Kh1 Nf6 20. Nxd7 Nxd7 21. Bh3 Nf6 22. Bf5 Be7 23. Ba7 Qxc7 24. Rxc7 Ra8 25. Rxb7 Rg2 26. Rg1 Rxg1+ 27. Kxg1 Bd8 28.
Be3 h5 29. h3 h4 30. Rb3 a5 31. Bh6 a4 32. Rxf3 Rb8 33. Bc1 Rb4 34. Rc3 Nxe4 35. Rc8 Ke7 36. a3 Rd4 37. Be3 Rd1+ 38. Kg2 Nc5 39. Ra8 Rxd5 40. Bg5+ f6 41. Bxh4 e4 42. Ra7+ Kf8 43. Bg6 Be7 44. Bg3 Rg5 45. Ra8+ Kg7 46. Be8 e3 47. f4 Rd5 48. Kf3 Rd2 49. Bb5 Rxb2 50. Be2 d5 51. Ra7 Kf7 52. h4 Rb3 53.
h5 Ne6 54. Kg4 f5+ 55. Kh3 Nd4 56. Bd1 Rd3 57. Bxa4 e2 58. Kg2 Rxg3+ 59. Kf2 Re3 0-1

[Event "*** Titled Tuesday Blitz"]
[Site "Chess.com"]
[Date "2020.05.12"]
[Round "4"]
[White "Chessmatus"]
[Black "Borsuk_Konstantin"]
[Result "0-1"]
[WhiteElo "2466"]
[BlackElo "2654"]
[TimeControl "180+1"]
[EndTime "10:39:29 PDT"]
[Termination "Borsuk_Konstantin won by resignation"]

1. e4 e6 2. d4 d5 3. Nc3 Bb4 4. e5 b6 5. Bd3 Ba6 6. Ne2 Ne7 7. O-O Bxd3 8. Qxd3 Qd7 9. Nd1 Ng6 10. Ne3 Bf8 11. a4 c5 12. c4 dxc4 13. Nxc4 Nc6 14. Qe4 Qd5 15. Qxd5 exd5 16. Ne3 O-O-O 17. Rd1 cxd4 18. Nxd4 Nxd4 19. Rxd4 Bc5 20. Rxd5 Rxd5 21. Nxd5 Rd8 22. Nc3 Nxe5 23. Bf4 Nd3 24. Bg3 Nxb2 25. Ne4 f6 26. Kf1 Nd3 27. a5 Kb7 28. a6+ Kc6 29. Ke2 Nb4 30. Nc3 Bd4 31. Rc1 Bc5 32. Ra1 Rd7 33. Kf3 Bd4 34. Rc1 Bxc3 35. Rxc3+ Kb5 36. Rc8 Nxa6 37.
Rh8 h6 38. Kf4 Nc5 39. Kf5 a5 40. Kg6 a4 41. Ra8 Na6 42. Re8 a3 43. Re3 Ka4 44.
Re2 b5 45. Bf4 b4 46. Re6 Nc5 47. Rc6 a2 48. Rc8 Kb3 49. Ra8 Na4 0-1

[Event "*** Titled Tuesday Blitz"]
[Site "Chess.com"]
[Date "2020.05.12"]
[Round "4"]
[White "slowdgehammer"]
[Black "Rodalquilar"]
[Result "0-1"]
[WhiteElo "2379"]
[BlackElo "2613"]
[TimeControl "180+1"]
[EndTime "10:39:29 PDT"]
[Termination "Rodalquilar won by resignation"]

1. e4 e5 2. Bc4 Nf6 3. d3 Nc6 4. Nc3 Na5 5. Nge2 Nxc4 6. dxc4 d6 7.
Qd3 c6 8. f3 Ke7 9. Be3 Be6 10.
O-O-O Kd7 11. c5 Kc7 12. Na4 Ne8 13. Qc3 f6 14. Rd2 Kb8 15. Rhd1 Qc7 16. f4 Be7 17. f5 Bf7 18. b3 d5 19. exd5 cxd5 20. Rxd5 Bxd5 21. Rxd5 Qc6 22. Qd3 Nc7 23. Rd7 e4 24. Qd2 b5 25. cxb6 axb6 26. Rxe7 b5 27. Nc5 Rxa2 28.
Kb1 Qa8 29. Na4 bxa4 30. Kxa2 axb3+ 31. Kxb3 Qb7+ 32. Qb4 Qxb4+ 33. Kxb4 Nd5+ 34. Kc5 Nxe7 35. Nc3 Nxf5 36. Bf4+ Kb7 37. Nxe4 Rc8+ 38. Kd5 Rxc2 39. Ke6 Nd4+ 40. Kf7 Rxg2 41. Nd6+ Kc6 42. Ne8 Nf5 43. Ke6 Re2+ 44. Kxf5 Rxe8 45. Be3 Rxe3 46. h4 Re5+ 47. Kf4 Kd5 48. Kg4 Ke6 49. h5 h6 50. Kg3 Rg5+ 51.
Kf4 Rxh5 52. Kf3 Rg5 53. Kf2 h5 0-1

[Event "*** Titled Tuesday Blitz"]
[Site "Chess.com"]
[Date "2020.05.12"]
[Round "4"]
[White "levallem"]
[Black "Al_Shima"]
[Result "1-0"]
[WhiteElo "2143"]
[BlackElo "2427"]
[TimeControl "180+1"]
[EndTime "10:39:29 PDT"]
[Termination "levallem won by checkmate"]

1. d4 b5 2. e4 Bb7 3. f3 a6 4. Be3 e6 5. Qd2 d6 6. Bd3 c5 7.
c4 b4 8. d5 e5 9. f4 Nd7 10.
Nf3 f6 11. O-O g6 12. fxe5 Nxe5 13. Nxe5 fxe5 14. Qf2 Qe7 15. Bg5 Qg7 16. Nd2 Be7 17. Be3 Nf6 18. a3 a5 19. a4 O-O 20. Qe2 Bc8 21. h3 Bd7 22. Rf3 Nh5 23. b3 Rxf3 24. Nxf3 Bf6 25. Rf1 Nf4 26. Qd2 g5 27. Nh2 Rf8 28. Be2 Qg6 29. Bf3 h5 30. Qd1 Be8 31. Qc2 Kg7 32. Rf2 Bd7 33. Qd1 Kh6 34. Nf1 g4 35. hxg4 hxg4 36. Be2 Bh4 37. g3 Bg5 38. Rh2+ Kg7 39. gxf4 exf4 40. Bd2 f3 41. Bd3 g3 42. Nxg3 Bxd2 43. Qxd2 Qxg3+ 44. Kh1 f2 45. Bf1 Qf3+ 46. Rg2+ Kf7 47. Qh6 Rg8 48. Qh7+ Kf6 49. Qxg8 Bh3 50. Qg7# 1-0

[Event "*** Titled Tuesday Blitz"]
[Site "Chess.com"]
[Date "2020.05.12"]
[Round "4"]
[White "MasterKroket"]
[Black "Fins0905"]
[Result "0-1"]
[WhiteElo "2434"]
[BlackElo "2618"]
[TimeControl "180+1"]
[EndTime "10:39:30 PDT"]
[Termination "Fins0905 won by resignation"]

1. d4 d5 2. c4 c6 3. Nf3 Nf6 4. Nc3 e6 5. Bg5 Nbd7 6. e3 Qa5 7. Nd2 dxc4 8. Bxf6 Nxf6 9. Nxc4 Qc7 10. Be2 Be7 11. O-O O-O 12. Rc1 Rd8 13. Qc2 Bd7 14. Rfd1 Be8 15. Bf3 Rac8 16. e4 Qf4 17. e5 Nd5 18.
Ne4 Nb4 19. Qb1 Rb8 20. a3 Nd5 21. Ncd6 Qh6 22. b4 a6 23. g3 f5 24. exf6 Bxd6 25. fxg7 Kxg7 26. Re1 Bg6 27. Qb3 Be7 28. h4 Rf8 29.
Kg2 Bh5 30. Bxh5 Qxh5 31. Nc5 Bxc5 32. bxc5 Rf6 33. Re5 Qf7 34. Rg5+ Kh8 35. Rc2 Rf8 36. Qb2 Rf3 37. Re5 Qg7 38. Rce2 Qg6 39. Rg5 Qf6 40. Qd2 Rf5 41. Rxf5 exf5 42. Re5 f4 43. Qd3 fxg3 44. Qxg3 Rg8 45. Rg5 Rxg5 46. hxg5 Qf4 47. Qh3 Qxg5+ 48. Kh1 Qe7 49. Qc8+ Kg7 50. Qg4+ Kf7 51.
Qf5+ Nf6 52. Kg2 Qe4+ 0-1

[Event "*** Titled Tuesday Blitz"]
[Site "Chess.com"]
[Date "2020.05.12"]
[Round "4"]
[White "Shoytan"]
[Black "diablanni"]
[Result "1-0"]
[WhiteElo "2585"]
[BlackElo "2308"]
[TimeControl "180+1"]
[EndTime "10:39:30 PDT"]
[Termination "Shoytan won by resignation"]

1. d4 Nf6 2. c4 c5 3. d5 b5 4. Nc3 b4 5. Na4 e6 6. e4 exd5 7. exd5 Bd6 8. Nf3 O-O 9. Be2 Re8 10. O-O h6 11. Be3 Na6 12. h3 Bf8 13. Bd3 d6 14. b3 g6 15. Qd2 Kh7 16. g4 Ne4 17. Qc2 f5 18. Rae1 Bg7 19. Nd2 Ng5 20. Bxg5 Qxg5 21.
Nf3 Qf4 22. Rxe8 Qxf3 23. Re3 Qf4 24. gxf5 Bxf5 25. Bxf5 gxf5 26. Kg2 Be5 27. Rg3 Rg8 28. Qd3 Nc7 29. Re1 Ne8 30. Re3 Nf6 31. Rf3 Qe4 32.
Qxe4 fxe4 33. Re3 Bxg3 34. fxg3 Kg6 35. Nb2 Kf5 36. g4+ Ke5 37. Kf2 h5 38. Nd3+ Kd4 39. Nf4 hxg4 40. Ne6+ Ke5 41. h4 g3+ 42. Rxg3 Rxg3 43.
Kxg3 Nh5+ 44. Kg4 e3 45. Kf3 e2 46. Kxe2 Nf4+ 47. Nxf4 Kxf4 48. Kd3 Kg4 49. Ke4 Kxh4 50. Kf5 Kg3 51. Ke6 Kf2 52. Kxd6 Ke2 53. Kxc5 1-0

[Event "*** Titled Tuesday Blitz"]
[Site "Chess.com"]
[Date "2020.05.12"]
[Round "4"]
[White "IljaJoke"]
[Black "Bubachess1608"]
[Result "1-0"]
[WhiteElo "2523"]
[BlackElo "2313"]
[TimeControl "180+1"]
[EndTime "10:39:30 PDT"]
[Termination "IljaJoke won on time"]

1. d4 Nf6 2. c4 e6 3. g3 c5 4. Nf3 cxd4 5. Nxd4 a6 6. Bg2 Be7 7. O-O O-O 8. Nc3 Qc7 9. Bf4 d6 10. Bg5 Qxc4 11. Rc1 Qb4 12. Nb3 d5 13. e4 dxe4 14.
Qe2 Nbd7 15. Nxe4 Nxe4 16. Bxe7 Nxg3 17. hxg3 Qxe7 18. Rc7 Rd8 19. Rd1 Rb8 20. Nc5 Qe8 21. Ne4 Nf6 22. Nxf6+ gxf6 23. Qg4+ Kf8 24. Rdc1 Bd7 25.
Qh4 Kg7 26. R1c5 e5 27. Bxb7 Bf5 28. Qh5 Bg6 29. Qe2 Qa4 30. b3 Qd4 31. Rc1 e4 32. Bxa6 Ra8 33. Bc4 Qd2 34. Qxd2 Rxd2 35. a4 e3 36. fxe3 Re8 37. Re1 Re4 38. a5 Rg4 39.
Re2 Rxg3+ 40. Kf2 Rxe2+ 41. Bxe2 Rg5 42. b4 Be4 43. a6 Rf5+ 44. Ke1 Re5 45. a7 Re8 46. Kf2 f5 47. Bf3 1-0

[Event "*** Titled Tuesday Blitz"]
[Site "Chess.com"]
[Date "2020.05.12"]
[Round "4"]
[White "Chessmasterzt"]
[Black "Masterbeaterr"]
[Result "1-0"]
[WhiteElo "2561"]
[BlackElo "2332"]
[TimeControl "180+1"]
[EndTime "10:39:30 PDT"]
[Termination "Chessmasterzt won by resignation"]

1. Nf3 Nf6 2. c4 e6 3. g3 a6 4.
d4 b5 5. Nbd2 Bb7 6. Bg2 bxc4 7.
Nxc4 Bb4+ 8. Bd2 Qe7 9. O-O Bxd2 10. Ncxd2 O-O 11. Rc1 Rc8 12. Nb3 d6 13. Na5 Bd5 14. Nd2 Bxg2 15. Kxg2 c5 16. dxc5 dxc5 17. Ndc4 Nc6 18. Qa4 Nxa5 19. Nxa5 Nd5 20. Rfd1 h5 21. e4 Nf6 22. f3 h4 23. e5 Nd5 24. Qxh4 Qxh4 25. gxh4 Ne3+ 26. Kf2 Nxd1+ 27. Rxd1 Rab8 28. Nc4 Rd8 29. Rc1 Rd4 30. Kg3 Rbd8 31. b3 Rd1 32. Rc2 R8d4 33. Nd6 Rg1+ 34. Kf2 Ra1 35.
Rxc5 Rxa2+ 36. Kg3 Rdd2 37. Rc8+ Kh7 38. Nxf7 Rg2+ 39.
Kf4 Rxh2 40. Ng5+ Kg6 41. Nxe6 Rxh4+ 42. Ke3 Rb4 43. Nd4 a5 44. Rc6+ Kh7 45. f4 a4 46.
bxa4 Raxa4 47. Rd6 Ra3+ 48. Ke4 Rba4 49. Rd7 Ra7 50.
e6 Kg6 51. Nc6 R7a4+ 52. Nd4 Kf6 53. Rf7+ Kg6 54. f5+ Kh6 55. e7 Ra1 56. Kd5 Re1 57. Ne6 Ra8 58. Rf8 Ra5+ 59. Kc4 Rxf5 60. Rh8+ Kg6 61. e8=Q+ 1-0

[Event "*** Titled Tuesday Blitz"]
[Site "Chess.com"]
[Date "2020.05.12"]
[Round "4"]
[White "ameetghasi100"]
[Black "SlovenskiZmaj"]
[Result "0-1"]
[WhiteElo "2707"]
[BlackElo "2535"]
[TimeControl "180+1"]
[EndTime "10:39:31 PDT"]
[Termination "SlovenskiZmaj won on time"]

1. Nf3 d6 2. g3 f5 3. d4 Nf6 4. Bg2 g6 5. O-O Bg7 6. c4 O-O 7. Nc3 c6 8. d5 e5 9. dxc6 bxc6 10. b3 e4 11. Nd4 Qe7 12. Qc2 c5 13. Ndb5 a6 14. Na3 Nc6 15. Qd1 Be6 16. Nc2 Ng4 17. Bb2 Nd4 18. Na4 Nxc2 19. Qxc2 Rad8 20. Nc3 h5 21. h3 Ne5 22. f4 Nc6 23. h4 Bd4+ 24. Kh2 Qg7 25. Qd2 Rd7 26. Rad1 Rfd8 27. Qc1 Nb4 28.
Ba1 Bxc3 29. Qxc3 Qxc3 30. Bxc3 Nxa2 31. Bf6 Rb8 32. Ra1 Nb4 33. Rfc1 Kf7 34. Bc3 Rb6 35. Kg1 Rdb7 36. Rd1 Ke7 37. Ra3 Nc2 38. Ra2 Ne3 39. Rc1 Rxb3 40. Rxa6 Bxc4 41. Ra8 Ke6 42. Rg8 Bxe2 43.
Rxg6+ Kd5 44. Bh3 Bg4 45. Bxg4 Nxg4 46. Rg5 Kc4 47. Be1+ Kd3 48. Rxf5 Rb1 49. Rd5+ Ke3 50. Rcd1 Ke2 51. R5d2+ Kf3 52. Rxd6 e3 53. R6d3 Ke2 0-1

[Event "*** Titled Tuesday Blitz"]
[Site "Chess.com"]
[Date "2020.05.12"]
[Round "4"]
[White "GelmanAlexander"]
[Black "JonahWillow"]
[Result "1-0"]
[WhiteElo "2557"]
[BlackElo "2688"]
[TimeControl "180+1"]
[EndTime "10:39:32 PDT"]
[Termination "GelmanAlexander won by resignation"]

1. c4 c5 2. Nf3 Nc6 3. e3 Nf6 4. a3 g6 5. d3 Bg7 6. Be2 O-O 7. O-O d5 8. cxd5 Nxd5 9. Nbd2 b6 10. Qc2 Bb7 11. Ne4 Rc8 12. Bd2 Nf6 13. Ng3 e5 14. Rac1 a5 15. Rfd1 Qe7 16. Qb3 Nd7 17. h4 h6 18. h5 g5 19. Nf5 Qf6 20. e4 Nd4 21. N3xd4 exd4 22. Rf1 c4 23. Rxc4 Nc5 24. Qa2 Qe6 25. b3 Ba6 26. Nxg7 Kxg7 27. Rxd4 Qxb3 28. Qa1 Kg8 29. Rd6 Ne6 30. Rb1 Qc2 31. Be3 Qxe2 32. Rbxb6 Bxd3 33. Rxe6 fxe6 34. Rxe6 Bxe4 35. Rxe4 Qc2 36.
Re6 Qc3 37. Qb1 Qc2 38. Rg6+ Kh8 39. Qb6 Qd1+ 40. Kh2 Qd7 41. Rxh6+ Kg8 42. Rg6+ Kh8 43. Rh6+ Kg8 44. Qg6+ Qg7 45. Qe6+ Qf7 46. Rg6+ Kh7 47. Qe4 Qf5 48. Qe7+ Qf7 49. Qxg5 Qc7+ 50. g3 Kh8 51. Rh6+ Qh7 52. Bd4+ 1-0